 Dungeon Crawl Stone Soup version 0.22.1-1-ga44c0e5 (webtiles) character file.

1918 Lavandula the Cleaver (level 8, -3/94 HPs)
             Began as a Centaur Berserker on Nov 8, 2018.
             Was an Elder of Trog.
             Slain by an orc warrior
             ... wielding a +0 halberd of flaming
              (17 damage)
             ... on level 6 of the Dungeon.
             The game lasted 00:13:10 (2820 turns).

Lavandula the Cleaver (Centaur Berserker)           Turns: 2820, Time: 00:13:10

Health: -3/94      AC:  6    Str: 26    XL:     8   Next: 95%
Magic:  8/8        EV:  8    Int:  6    God:    Trog [****..]
Gold:   406        SH:  0    Dex: 10    Spells: 7/7 levels left

rFire    . . .     SeeInvis .   e - +1 hand axe (venom)
rCold    . . .     Gourm    .   (no shield)
rNeg     . . .     Faith    .   m - +0 scale mail
rPois    .         Spirit   .   (no helmet)
rElec    .         Reflect  .   (no cloak)
rCorr    .         Harm     .   (no gloves)
MR       .....                  (no barding)
Stlth    ..........             (no amulet)
HPRegen  0.25/turn              I - ring of attention (curse)
MPRegen  0.11/turn              (no ring)

@: berserking, very quick
A: large, hooves 3, deformed body, speed 2, tough skin 3
a: Berserk, Trog's Hand, Brothers in Arms, Renounce Religion


You were on level 6 of the Dungeon.
You worshipped Trog.
Trog was greatly pleased with you.
You were hungry.

You visited 1 branch of the dungeon, and saw 7 of its levels.
You also visited: Ossuary.

You collected 406 gold pieces.

Inventory:

Hand Weapons
 e - a +1 hand axe of venom (weapon)
 g - a +0 spear
 q - a +0 hunting sling
 J - a +1 trident of protection
Missiles
 j - 7 tomahawks
 r - 82 sling bullets
 y - 4 steel javelins (quivered)
Armour
 b - a +0 animal skin
 m - a +0 scale mail (worn)
 n - a +0 ring mail
 p - a +0 leather armour of positive energy
 w - a +3 leather armour
Jewellery
 I - a cursed ring of attention (left hand)
Wands
 u - a wand of clouds (5)
 v - a wand of random effects (35)
Scrolls
 a - 2 scrolls of enchant armour {unknown}
 d - 2 scrolls of identify {unknown}
 f - a scroll of blinking {unknown}
 h - 2 scrolls of teleportation
 k - a scroll of magic mapping {unknown}
 l - 3 scrolls of remove curse
 o - a scroll of immolation {unknown}
 t - a scroll of fear {unknown}
Potions
 i - a potion of brilliance {unknown}
 s - a potion of magic {unknown}
 x - 2 potions of ambrosia {unknown}
 z - 4 potions of heal wounds {unknown}
 A - a potion of flight {unknown}
 B - 4 potions of might {unknown}
 C - 4 potions of degeneration {unknown}
 D - a potion of mutation {unknown}
 E - 2 potions of curing {unknown}
 F - a potion of haste {unknown}
 G - a potion of berserk rage {unknown}
 H - a potion of cancellation {unknown}
Comestibles
 c - 4 rations
 K - 2 chunks of flesh


   Skills:
 - Level 3.1 Fighting
 + Level 10.8 Axes
 - Level 1.4 Armour
 - Level 1.4 Dodging


You had 7 spell levels left.
You didn't know any spells.
Your spell library contained the following spells:

 Spells                   Type           Power        Failure   Level  Hunger
 Shock                    Conj/Air       #...         75%         1    ##.....
 Swiftness                Chrm/Air       #.......     87%         2    ###....
 Static Discharge         Conj/Air       #.......     98%         3    ####...
 Airstrike                Air            #.........   100%        4    #####..
 Lightning Bolt           Conj/Air       #.........   100%        5    ######.


Dungeon Overview and Level Annotations

Branches:
Dungeon (7/15)
 Temple: D:4-7

Altars:
Cheibriados
Kikubaaqudgha
Sif Muna
Vehumet


Innate Abilities, Weirdness & Mutations

You have hooves in place of feet.
Armour fits poorly on your strangely shaped body.
You cover ground very quickly.
You have extremely tough skin. (AC +3)


Message History

The orc warrior burns you.
* * * LOW HITPOINT WARNING * * *
Unknown command.
You slash the orc!
You kill the orc!
Trog accepts your kill.
Items here: )) [[ a short sword; a ring mail; a dagger; a robe You hit the orc warrior.
Your kick misses the orc warrior.
The orc warrior is lightly wounded.
The orc warrior barely misses you.
You slash the orc warrior!
The orc warrior is poisoned.
You kick the orc warrior!
The orc warrior is severely wounded.
You hit the orc warrior but do no damage.
The orc warrior looks as sick as possible!
Your kick misses the orc warrior.
The orc warrior is severely wounded.
The orc warrior hits you with a halberd of flaming!
You die...

##+####
#.....#
#.....#
#.....#
#.....# ###
#.o...#
###.. #@#
#.'.. #.#
#.#.. #.#
#.#.. #.#
#.#.. #.#
#.###
#########.#
#.#
#.........#
#.#
##.########
#########.#
#.#
#.........#


You could see an orc warrior.

Vanquished Creatures
  Grinder (D:3)
  Sigmund (D:3)
  Eustachio (D:4)
  A sky beast (D:5)
  2 black bears (D:6)
  2 ogres
  3 centaurs
  A scorpion (D:5)
  A crimson imp (D:6)
  2 hounds
  A bullfrog skeleton (D:5)
  An orc priest (D:3)
  2 orc wizards (D:6)
  Ijyb (D:3)
  4 worker ants
  2 iguanas
  Terence (D:3)
  8 mummies (Ossuary)
  9 adders
  2 oozes
  2 worms
  2 dart slugs
  2 leopard geckos (D:3)
  17 orcs
  A giant cockroach (D:6)
  8 goblins
  8 hobgoblins
  6 jackals
  2 quokkas
  5 bats
  4 frilled lizards
  2 hobgoblin zombies (Ossuary)
  9 kobolds
  3 kobold zombies (Ossuary)
  2 leopard gecko skeletons
  3 orc zombies (Ossuary)
  2 rats
124 creatures vanquished.

Notes
Turn   | Place    | Note
-------+----------+-------------------------------------------
     0 | D:1      | Lavandula the Centaur Berserker began the quest for the
                  | Orb.
     0 | D:1      | Reached XP level 1. HP: 19/19 MP: 1/1
   174 | D:2      | Reached skill level 3 in Axes
   174 | D:2      | Reached XP level 2. HP: 6/26 MP: 2/2
   408 | D:1      | Reached ** piety under Trog
   435 | D:2      | Reached XP level 3. HP: 6/31 MP: 3/3
   450 | D:3      | Found a snail-covered altar of Cheibriados.
   576 | D:2      | Reached skill level 4 in Axes
   712 | D:3      | Reached XP level 4. HP: 21/38 MP: 4/4
   823 | D:3      | Noticed Terence
   834 | D:3      | Killed Terence
   834 | D:3      | Reached skill level 5 in Axes
   990 | D:3      | Reached XP level 5. HP: 33/45 MP: 5/5
  1117 | D:3      | Reached *** piety under Trog
  1128 | D:3      | Found an ancient bone altar of Kikubaaqudgha.
  1148 | D:3      | Noticed Sigmund
  1153 | D:3      | Noticed Grinder
  1161 | D:3      | Killed Sigmund
  1161 | D:3      | Reached skill level 6 in Axes
  1161 | D:3      | Reached XP level 6. HP: 37/51 MP: 6/6
  1168 | D:3      | Killed Grinder
  1168 | D:3      | Reached skill level 7 in Axes
  1168 | D:3      | Reached XP level 7. HP: 43/57 MP: 7/7
  1231 | D:3      | Noticed Ijyb
  1240 | D:3      | Killed Ijyb
  1297 | D:3      | Found a radiant altar of Vehumet.
  1463 | D:4      | Found a deep blue altar of Sif Muna.
  1477 | D:4      | Noticed Eustachio
  1486 | D:4      | Killed Eustachio
  1486 | D:4      | Reached skill level 8 in Axes
  1495 | D:5      | Entered Level 5 of the Dungeon
  1527 | D:5      | Found a sand-covered staircase.
  1540 | Ossuary  | Entered an ossuary
  1889 | D:5      | Received a gift from Trog
  1889 | D:5      | Reached skill level 9 in Axes
  1889 | D:5      | Reached XP level 8. HP: 52/63 MP: 8/8
  2417 | D:6      | Reached **** piety under Trog
  2430 | D:6      | Reached skill level 10 in Axes
  2820 | D:6      | Slain by an orc warrior

Skill      XL: |  1  2  3  4  5  6  7  8 |
---------------+-------------------------+-----
Axes           | 3 4 5 6 7 9 10 | 10.8
Fighting       | |  3.1
Armour         | |  1.4
Dodging        | |  1.4

Action                   |  1- 3 |  4- 6 |  7- 9 || total
-------------------------+-------+-------+-------++-------
Melee: Hand axe          |    74 |    71 |   167 ||   312
       Kick              |    13 |    13 |    47 ||    73
 Fire: Hunting sling     |       |       |    16 ||    16
Throw: Tomahawk          |     7 |       |       ||     7
       Javelin           |       |       |     3 ||     3
Invok: Berserk           |     6 |     4 |     7 ||    17
       Trog's Hand       |       |     1 |       ||     1
  Use: Scroll            |       |       |     2 ||     2
  Eat: Chunk             |     3 |     5 |     8 ||    16
       Ration            |       |       |     1 ||     1
Armor: Animal skin       |    18 |     1 |       ||    19
       Scale mail        |       |    13 |    45 ||    58
Dodge: Dodged            |    31 |    19 |    48 ||    98
